AoeStats
← s0828123

African Clearing

504463471Analyzed
3v3 RM · 27d ago on Sep 5, 2026· 43m 51s· 6 players
Game mode
Random Map
Map size
Normal (6 player)
Population
200
Speed
Normal
Resources
Standard
Victory
Conquest
Starting age
Dark Age
Ending age
Imperial Age
RankedLock teamsTeams togetherTeam positionsShared explorationLock speedFull tech treeHidden civsTurbo modeCheats
Victory
Defeat
🇨🇳 Mongols · China
1171
+10
🇰🇷 Hindustanis · South Korea
1155
+11
🇩🇪 Tatars · Germany
1137
+11
🇭🇰 Spanish · Hong Kong SAR China
1038
-11
🇭🇰 Japanese · Hong Kong SAR China
1033
-11
🇭🇰 Huns · Hong Kong SAR China
1028
-10
benelix
4:42 Loom
14:04 Feudal Age
19:13 Horse Collar
24:29 Scale Barding Armor
27:33 Castle Age
38:39 Forging
43:32 Husbandry
43:48 Gold Mining
GOOGOO
11:22 Loom
13:25 Feudal Age
19:43 Castle Age
18:41 Double-Bit Axe
19:08 Horse Collar
27:42 Fletching
27:43 Elite Skirmisher
29:16 Sanctity
31:03 Bodkin Arrow
35:26 Imperial Age
33:13 Padded Archer Armor
33:46 Ballistics
34:35 Leather Archer Armor
35:40 Bloodlines
36:18 Husbandry
36:58 Bow Saw
38:02 Wheelbarrow
37:39 Bracer
39:32 Scale Barding Armor
40:32 Ring Archer Armor
41:47 Conscription
43:09 Chemistry
43:20 Chain Barding Armor
44:23 Hand Cart
pickmyself or end
6:20 Loom
6:35 Loom
13:28 Feudal Age
15:03 Double-Bit Axe
18:58 Castle Age
18:17 Gold Mining
18:16 Horse Collar
18:41 Town Watch
19:31 Wheelbarrow
19:45 Wheelbarrow
21:03 Fletching
25:52 Bodkin Arrow
26:47 Padded Archer Armor
32:25 Stone Mining
35:21 Bow Saw
36:06 Hand Cart
39:32 Imperial Age
37:42 Heavy Plow
38:32 Leather Archer Armor
38:28 Forging
38:23 Scale Barding Armor
39:27 Stone Shaft Mining
39:29 Gold Shaft Mining
39:23 Ballistics
40:10 Bloodlines
40:00 Husbandry
40:06 Thumb Ring
40:40 Masonry
41:31 Chemistry
40:53 Conscription
41:28 Elite Mangudai
41:49 Light Cavalry
42:56 Parthian Tactics
43:19 Bracer
43:55 Iron Casting
43:29 Hussar
44:33 Chain Barding Armor
不知者
14:57 Feudal Age
18:45 Castle Age
17:31 Double-Bit Axe
17:56 Fletching
17:56 Loom
20:03 Bow Saw
21:00 Gold Mining
21:36 Bodkin Arrow
24:16 Gold Shaft Mining
24:27 Wheelbarrow
29:27 Elite Skirmisher
34:22 Hand Cart
34:23 Horse Collar
34:56 Husbandry
40:51 Imperial Age
38:41 Heavy Plow
38:51 Stone Mining
39:25 Town Watch
39:50 Thumb Ring
40:32 Scale Barding Armor
41:06 Bloodlines
41:36 Bracer
41:58 Conscription
42:55 Heavy Cavalry Archer
44:00 Parthian Tactics
s0828123
6:10 Loom
16:41 Feudal Age
36:07 Castle Age
38:00 Town Watch
WKC
5:28 Loom
16:22 Feudal Age
20:16 Castle Age
18:24 Horse Collar
18:36 Double-Bit Axe
24:02 Scale Mail Armor
26:32 Gambesons
28:17 Bow Saw
28:10 Heavy Plow
31:47 Wheelbarrow
33:05 Town Watch
33:41 Husbandry
34:45 Padded Archer Armor
39:11 Imperial Age
38:01 Leather Archer Armor
41:01 Elite Skirmisher
42:24 Fletching
43:05 Ring Archer Armor
Connection lost

Rejoining the realm…

Still unreachable

The connection could not be restored.

Session expired

The server has moved on; the page needs a fresh start.